 Dungeon Crawl Stone Soup version 0.28.0 (webtiles) character file.

Game seed: 13541973474496180220

4062 croobank the Fighter (level 10, 0/91 HPs)
             Began as a Hill Orc Monk on Feb 12, 2022.
             Was a Believer of Beogh.
             Slain by a yak (9 damage)
             ... on level 9 of the Dungeon.
             The game lasted 00:33:45 (9388 turns).

croobank the Fighter (Hill Orc Monk)                Turns: 9388, Time: 00:33:45

Health: 0/91       AC: 12    Str: 17    XL:     10   Next: 25%
Magic:  10/10      EV: 13    Int: 18    God:    Beogh [**....]
Gold:   374        SH:  0    Dex: 13    Spells: 9/9 levels left

rFire   . . .      SeeInvis .   a - +4 battleaxe
rCold   + . .      Faith    .   (shield currently unavailable)
rNeg    . . .      Spirit   .   B - +1 ring mail {rC+}
rPois   +          Reflect  .   F - +0 helmet
rElec   .          Harm     .   E - +2 cloak {rPois}
rCorr   +          Rampage  .   n - +0 pair of gloves
Will    +....                   d - +0 pair of boots
Stlth   +++.......              (no amulet)
HPRegen 0.25/turn               H - ring of Misesh {Will+ rCorr Int+6}
MPRegen 0.12/turn               (no ring)

@: no status effects
A: no striking features
a: Renounce Religion, Smiting


You were on level 9 of the Dungeon.
You worshipped Beogh.
Beogh was pleased with you.
You visited 1 branch of the dungeon, and saw 9 of its levels.

You collected 374 gold pieces.

Inventory:

Hand Weapons
 a - a +4 battleaxe (weapon)
 b - a +0 shortbow
 c - a +0 hand axe
 o - a +0 scimitar
 p - a +7 long sword of freezing
 s - a +1 vorpal spear
 w - a +2 short sword
 M - a +1 spear of venom
Missiles
 e - 219 stones (quivered)
 j - 178 arrows
 l - 103 sling bullets
 m - 7 boomerangs
 r - 59 bolts
 t - 9 poisoned darts
 u - a throwing net
Armour
 d - a +0 pair of boots (worn)
 n - a +0 pair of gloves (worn)
 y - a +0 plate armour
 B - a +1 ring mail of cold resistance (worn)
 E - a +2 cloak of poison resistance (worn)
 F - a +0 helmet (worn)
 J - a +0 buckler
Magical Staves
 C - a staff of conjuration
Jewellery
 H - the ring of Misesh (left hand) {Will+ rCorr Int+6}
   (You found it on level 7 of the Dungeon)

   [ring of intelligence]

   Int:       It affects your intelligence (+6).
   rCorr:     It protects you from acid and corrosion.
   Will:      It increases your willpower.
Wands
 D - a wand of iceblast (17)
 L - a wand of flame (19)
Scrolls
 f - a scroll of magic mapping
 k - 4 scrolls of fear
 v - 2 scrolls of immolation
Potions
 g - 3 potions of flight
 h - a potion of mutation
 i - 3 potions of curing
 q - a potion of resistance
 z - a potion of invisibility
 A - a potion of haste
 G - a potion of berserk rage {unknown}
 K - a potion of ambrosia {unknown}


   Skills:
 + Level 9.2 Fighting
 * Level 8.4(9.6) Axes
 - Level 5.9(7.5) Polearms
 + Level 6.4 Dodging
 + Level 6.6 Stealth


You had 9 spell levels left.
You didn't know any spells.
Your spell library contained the following spells:

 Spells                   Type           Power      Damage    Failure   Level
 Animate Skeleton         Necr           0%         N/A       38%         1
 Pain                     Necr           0%         1d4       38%         1
 Scorch                   Fire           0%         2d5       52%         2
 Static Discharge         Conj/Air       0%         N/A       52%         2
 Sublimation of Blood     Necr           0%         N/A       52%         2
 Vampiric Draining        Necr           0%         2d6       77%         3
 Dispel Undead            Necr           0%         3d6       99%         4
 Flame Wave               Conj/Fire      0%         2d4       99%         4
 Petrify                  Tmut/Erth      0%         N/A       99%         4
 Sticky Flame             Conj/Fire      0%         2d3       99%         4
 Agony                    Necr           0%         N/A       100%        5
 Excruciating Wounds      Necr           0%         N/A       100%        5
 Irradiate                Conj/Tmut      0%         3d14      100%        5
 Summon Cactus Giant      Summ           0%         N/A       100%        6


Dungeon Overview and Level Annotations

Branches:
Dungeon (9/15)             Temple (0/1) D:7            Lair (0/6) D:8
    Orc: D:9-12

Altars:
Ashenzari
Cheibriados
Dithmenos
Elyvilon
Gozag
Hepliaklqana
Nemelex Xobeh
Ru
Sif Muna
Wu Jian
Xom
Zin
The Shining One

Shops:
D:2 [   D:6 *(   D:7 [

Annotations:
D:6 3 runed translucent doors, freelancePsychic's ghost, novice VSBr
D:7 1 runed translucent door, ISoar's ghost, novice GrFi


Message History

The hog is heavily wounded.
You closely miss the hog. The hog closely misses you.
The hog completely misses you. The hog bites you but does no damage.
You slash the hog!
The hog is almost dead.
You hit the hog. The hog bites you! The hog bites you but does no damage.
The hog bites you. The hog bites you but does no damage.
You slash the hog!
You kill the hog!
Beogh accepts your kill.
You slash the hog! The hog misses you. The yak misses you.
You hit the yak.
The yak is lightly wounded.
You slash the hog!
You kill the hog!
Beogh accepts your kill. The yak gores you!
You barely miss the yak.
The yak is lightly wounded.
The yak closely misses you.
You slash the yak!
The yak is moderately wounded.
The yak gores you!
* * * LOW HITPOINT WARNING * * *
You slash the yak!
The yak is severely wounded.
The yak barely misses you.
You barely miss the yak.
The yak is severely wounded.
The yak gores you!
* * * LOW HITPOINT WARNING * * *
The yak gores you but does no damage.
There is an open door here.
You barely miss the yak.
The yak is severely wounded.
The yak misses you.
You closely miss the yak.
The yak is severely wounded.
The yak gores you!
You die...

,,,>,,,*,,,,,,,,,,,,,,,,,,,,,,,*,
,,,,,,,*,*,,,,,,,,,....*,,,,,,,*,
,,,,,,,*,*,,,,,,,,....,**+****,*,
,,,,,,,+,*#######,...,,**,* *,*,
,,,,,,,***#.....#,..,,***,* *,*,
###***** #.....##.#*** *,* *,*,
...##### ###'###..# *,****,*,
.......# #....†#.## *,,,**,**
.......# #..()Y@..### ***,**,,,
.......##########....# *,**,**
.......#.............# *,*,,*,
.....<.'.#...........# *,,,,*,
......^###...........# ***,,*,
######## ########.#### *,,*, #.#
*,,*, #.# *,,*, #.# *,,*,


You could see a yak.

Vanquished Creatures
  A komodo dragon (D:8)
  6 yaks (D:8)
  3 hogs (D:9)
  A human (D:9)
  3 water moccasins
  5 ice beasts
  A hornet zombie (D:7)
  A black bear (D:5)
  2 necrophages (D:7)
  2 ogres
  2 centaurs
  2 scorpions
  7 wights (D:8)
  2 centaur zombies
  A centaur skeleton (D:7)
  A jelly (D:7)
  A gnoll shaman (D:4)
  An orc priest (D:6)
  2 iguanas (D:6)
  A bullfrog skeleton (D:4)
  2 orc wizards (D:6)
  2 hound zombies (D:5)
  11 gnolls
  5 adders
  2 worms
  2 dart slugs
  4 orcs
  5 ball pythons
  6 endoplasms
  A giant cockroach (D:3)
  6 goblins
  A hobgoblin (D:4)
  3 quokkas
  A bat (D:2)
  5 frilled lizards
  5 kobolds
  4 rats
110 creatures vanquished.

Vanquished Creatures (others)
  31 plants (D:8)
31 creatures vanquished.

Grand Total: 141 creatures vanquished

Notes
Turn   | Place    | Note
-------+----------+-------------------------------------------
     0 | D:1      | croobank the Hill Orc Monk began the quest for the Orb.
     0 | D:1      | Reached XP level 1. HP: 19/19 MP: 1/1
   197 | D:1      | Reached XP level 2. HP: 5/27 MP: 2/2
   809 | D:2      | Reached skill level 4 in Fighting
   809 | D:2      | Reached XP level 3. HP: 29/33 MP: 3/3
   834 | D:2      | Found Rosoucvusaa's Antique Armour Shop.
   971 | D:2      | Found a faded altar of an unknown god.
  1278 | D:3      | Reached XP level 4. HP: 37/40 MP: 4/4
  1502 | D:3      | Became a worshipper of Beogh the Brigand
  1502 | D:3      | Reached * piety under Beogh
  1502 | D:3      | Reached ** piety under Beogh
  1747 | D:3      | Reached XP level 5. HP: 40/47 MP: 5/5
  1936 | D:3      | Reached skill level 1 in Polearms
  2781 | D:4      | Reached skill level 5 in Fighting
  2781 | D:4      | Reached XP level 6. HP: 27/56 MP: 6/6
  3247 | D:5      | Entered Level 5 of the Dungeon
  3558 | D:5      | Found a white marble altar of Elyvilon.
  3722 | D:5      | Noticed a water moccasin
  3739 | D:5      | Killed a water moccasin
  3740 | D:5      | Reached XP level 7. HP: 31/61 MP: 7/7
  4093 | D:5      | Reached skill level 6 in Fighting
  4186 | D:5      | Noticed a wraith
  5154 | D:6      | Found a broken altar of Ashenzari.
  5184 | D:6      | Reached XP level 8. HP: 43/71 MP: 8/8
  5424 | D:6      | Found a runed translucent gate.
  5424 | D:6      | Found a runed translucent gate.
  5427 | D:6      | Noticed freelancePsychic's ghost (novice VSBr)
  5524 | D:6      | Found a runed translucent gate.
  5728 | D:6      | Found Zyemas's Overcharged Wands.
  6019 | D:6      | Found Ezaacw's Antique Weapon Shoppe.
  6362 | D:7      | Reached skill level 7 in Fighting
  6555 | D:7      | Found a sacrificial altar of Ru.
  6555 | D:7      | Found a sparkling altar of Nemelex Xobeh.
  6557 | D:7      | Found a glowing silver altar of Zin.
  6558 | D:7      | Found a glowing golden altar of the Shining One.
  6558 | D:7      | Found a shadowy altar of Dithmenos.
  6558 | D:7      | Found a shimmering blue altar of Sif Muna.
  6580 | D:7      | Reached skill level 5 in Polearms
  6580 | D:7      | Reached skill level 5 in Dodging
  6580 | D:7      | Reached skill level 5 in Stealth
  6581 | D:7      | Found a shimmering altar of Xom.
  6581 | D:7      | Found a snail-covered altar of Cheibriados.
  6581 | D:7      | Found an opulent altar of Gozag.
  6617 | D:7      | Identified the ring of Misesh {Will+ rCorr Int+6}
  6667 | D:7      | Found Xeoj's Antique Armour Shoppe.
  6747 | D:7      | Found a runed translucent door.
  6748 | D:7      | Found a shimmering altar of Xom.
  6748 | D:7      | Noticed ISoar's ghost (novice GrFi)
  6749 | D:7      | Noticed a +1 hand axe of chaos
  6825 | D:7      | Found an ornate altar of the Wu Jian Council.
  7215 | D:7      | Reached XP level 9. HP: 80/80 MP: 9/9
  7366 | D:7      | Found a staircase to the Ecumenical Temple.
  7683 | D:8      | Reached skill level 8 in Fighting
  7756 | D:8      | Found a staircase to the Lair.
  7757 | D:8      | Noticed a komodo dragon
  8477 | D:8      | Killed a komodo dragon
  8478 | D:8      | Reached skill level 5 in Axes
  8619 | D:8      | Found a hazy altar of Hepliaklqana.
  8681 | D:8      | Reached XP level 10. HP: 25/90 MP: 10/10
  9243 | D:8      | Reached skill level 9 in Fighting
  9388 | D:9      | Slain by a yak

Illustrated notes

Levels and vault maps discovered:
D:1:      dpeg_arrival_refuge, layout_rooms
D:2:      layout_rooms, ebering_ecumenical_altar_mist, serial_shops,
          nicolae_shop_hallway_plus
D:3:      layout_rooms
D:4:      layout_basic, kennysheep_generic_room_13
D:5:      layout_gridville, mainiacjoe_overflow_paths, serial_undead,
          serial_undead_f, serial_undead_b, serial_undead_e, serial_undead_e
D:6:      layout_basic, mainiacjoe_overflow_brackets, serial_shops,
          shop_fountains, gammafunk_ghost_split, nicolae_shop_overcharged_wands
D:7:      layout_basic, mainiacjoe_overflow_six_doors_small,
          nicolae_overflows_in_rows, minmay_temple_entry_offerings,
          ebering_ghost_xom, serial_shops, nicolae_square_shop
D:8:      layout_gridville, mainiacjoe_overflow_small_starburst,
          david_lair_shrubbed
D:9:      layout_roguey, nicolae_inconvenience_store, grunt_livestock,
          roderic_lattice_a, hangedman_decor_peaks_small, uniq_gastronok

Skill      XL: |  1  2  3  4  5  6  7  8  9 10 |
---------------+-------------------------------+-----
Fighting       | 4 5 6 7 8 9 |  9.2
Stealth        | 2 3 4 5 6 |  6.6
Dodging        | 3 4 5 6 |  6.4
Polearms       | 1 2 3 5 |  5.9
Axes           | 7 8 |  8.4

Action                   |  1- 3 |  4- 6 |  7- 9 | 10-12 || total
-------------------------+-------+-------+-------+-------++-------
Melee: Spear             |    74 |   132 |   368 |       ||   574
       Punch             |       |     2 |     3 |       ||     5
       Battleaxe         |       |       |    31 |    32 ||    63
 Fire: Shortbow          |       |       |    31 |       ||    31
Throw: Stone             |       |       |     6 |       ||     6
Invok: Convert to Beogh  |       |     1 |       |       ||     1
       Smiting           |       |     1 |     4 |       ||     5
Evoke: Wand              |       |       |     2 |       ||     2
  Use: Scroll            |     3 |     1 |    13 |     1 ||    18
       Potion            |       |       |     2 |       ||     2
 Stab: Sleeping          |     4 |     4 |     1 |     1 ||    10
Armor: Robe              |     9 |       |       |       ||     9
       Leather armour    |       |    16 |       |       ||    16
       Ring mail         |       |     6 |   161 |    20 ||   187
       Plate armour      |       |       |    12 |       ||    12
Dodge: Dodged            |    31 |    64 |   210 |    28 ||   333
Block: Buckler           |       |       |    14 |       ||    14
